 Dungeon Crawl Stone Soup version 0.29-a0-553-g81b289dbe5 (webtiles) character file.

Game seed: 4194160432145615665

46 2FriedEggs the Conjurer (level 4, -3/36 HPs)
             Began as a Meteoran Wanderer on June 6, 2022.
             Was a Plaything of Xom.
             Slain by a gnoll
             ... wielding a +0 halberd
              (10 damage)
             ... on level 2 of the Dungeon.
             The game lasted 00:02:56 (996 turns).

2FriedEggs the Conjurer (Meteoran Wanderer)          Turns: 996, Time: 00:02:57

Health: -3/36      AC:  2    Str: 13    XL:     4   Next: 13%
Magic:  2/8        EV: 11    Int: 14    God:    Xom [..*...]
Gold:   97         SH:  0    Dex: 15    Spells: 5/7 levels left

rFire   . . .      SeeInvis .   i - +1 flail (vorpal)
rCold   . . .      Faith    .   (no shield)
rNeg    . . .      Spirit   .   d - +0 robe
rPois   .          Reflect  .   (no helmet)
rElec   .          Harm     .   (no cloak)
rCorr   .          Rampage  .   (no gloves)
Will    .....                   (no boots)
Stlth   +.........              (no amulet)
HPRegen 0.12/turn               (no ring)
MPRegen 0.11/turn               (no ring)

@: very slightly contaminated, glowing
A: sense surroundings 1, otherworldly, glowing, explore regen
a: Renounce Religion


You were on level 2 of the Dungeon.
You worshipped Xom.
You were a toy of Xom.
You visited 1 branch of the dungeon, and saw 2 of its levels.

You collected 97 gold pieces.

Inventory:

Hand Weapons
 a - a +0 quarterstaff
 i - a +1 vorpal flail (weapon)
Missiles
 j - 5 boomerangs
Armour
 d - a +0 robe (worn)
 f - a +0 pair of boots
Wands
 b - a wand of flame (3) (quivered)
Scrolls
 e - a scroll of immolation {unknown}
 k - a scroll of identify {unknown}
Potions
 c - a potion of mutation
 g - 2 potions of haste {unknown}
 h - a potion of might {unknown}


   Skills:
 + Level 2.0 Fighting
 + Level 0.3(1.6) Maces & Flails
 - Level 2.4 Staves
 + Level 2.3 Spellcasting
 * Level 3.7 Conjurations
 - Level 1.2 Invocations
 - Level 3.6 Evocations


You had 5 spell levels left.
You knew the following spells:

 Your Spells              Type           Power      Damage    Failure   Level
a - Magic Dart            Conj           48%        1d5       4%          1
b - Shock                 Conj/Air       24%        1d4       11%         1

Your spell library contained the following spells:

 Spells                   Type           Power      Damage    Failure   Level
 Tukima's Dance           Hex            1%         N/A       56%         3
 Fulminant Prism          Conj/Hex       3%         3d6       71%         4
 Passage of Golubria      Tloc           1%         N/A       93%         4
 Yara's Violent Unravell  Hex/Tmut       0%         3d3       100%        5


Dungeon Overview and Level Annotations

Branches:
Dungeon (2/15)

Altars:
Xom


Innate Abilities, Weirdness & Mutations

You passively map a small area around you.
You are easily found by Zot.
You glow in the dark.
You regain HP and MP as you explore.


Message History

The zap hits the gnoll.
The gnoll is moderately wounded.
The zap hits the kobold.
You kill the kobold!
The zap hits the gnoll.
The gnoll is moderately wounded.
The gnoll barely misses you. The gnoll closely misses you.
Casting: Shock (safe; 11% risk of failure)
Confirm with . or Enter, or press ? or * to list all spells.
Aiming: Shock (safe; 11% risk of failure)
Press: ? - help, Shift-Dir - straight line, f/p - gnoll
Aim: a gnoll, wielding a +0 spear (moderately wounded, 69% to hit)
The zap misses the gnoll.
The zap hits the gnoll.
The gnoll is moderately wounded.
The gnoll barely misses you. The gnoll completely misses you.
Unknown command.
Unknown command.
Casting: Shock (safe; 11% risk of failure)
Confirm with . or Enter, or press ? or * to list all spells.
Aiming: Shock (safe; 11% risk of failure)
Press: ? - help, Shift-Dir - straight line, f/p - gnoll
Aim: a gnoll, wielding a +0 spear (moderately wounded, 69% to hit)
The zap hits the gnoll but does no damage.
The gnoll is moderately wounded.
The zap misses the gnoll.
The gnoll hits you from afar with a +0 halberd!
The gnoll hits you from afar with a +0 spear!
* * * LOW HITPOINT WARNING * * *
The gnoll closely misses you.
Casting: Shock (safe; 11% risk of failure)
Confirm with . or Enter, or press ? or * to list all spells.
Aiming: Shock (safe; 11% risk of failure)
Press: ? - help, Shift-Dir - straight line, f/p - gnoll
Aim: a gnoll, wielding a +0 spear (moderately wounded, 69% to hit)
The zap hits the gnoll.
The gnoll is moderately wounded.
The zap misses the gnoll.
The gnoll hits you from afar with a +0 halberd!
You die...
Xom laughs nastily!

#.# * # #########
#.####.#
........######.#...
........#......#.######
.................>....#
........#......#.####.#
........#......#.# *
........#......#.# ,
..........)....#@# *
################g# *
..... , ,


.gg #####* *##.## #.# * * #.# , * *#.# * ..# You could see 3 gnolls.

Vanquished Creatures
  An adder (D:2)
  2 dart slugs
  2 ball pythons
  A bat (D:1)
  6 endoplasms
  A giant cockroach (D:1)
  5 hobgoblins
  3 jackals (D:1)
  4 kobolds
  A quokka (D:1)
  A rat (D:1)
27 creatures vanquished.

Notes
Turn   | Place    | Note
-------+----------+-------------------------------------------
     0 | D:1      | 2FriedEggs the Meteoran Wanderer began the quest for the
                  | Orb.
     0 | D:1      | 2FriedEggs set off with the following items: a +0
                  | quarterstaff, a wand of flame (3), a potion of mutation, a
                  | +0 robe; and the following spells available to memorise:
                  | Magic Dart, Shock, Fulminant Prism
     0 | D:1      | Reached XP level 1. HP: 16/16 MP: 3/3
    89 | D:1      | Reached XP level 2. HP: 10/23 MP: 5/5
   365 | D:1      | Reached XP level 3. HP: 26/28 MP: 5/7
   367 | D:1      | Learned a level 1 spell: Magic Dart
   369 | D:1      | Learned a level 1 spell: Shock
   491 | D:1      | Glimpsed the power of Zot.
   559 | D:1      | Found a faded altar of an unknown god.
   722 | D:1      | Prayed at the altar of an unknown god.
   722 | D:1      | Became a worshipper of The Xom-Meister,
                  | Xom-a-lom-a-ding-dong
   779 | D:1      | XOM: silly message
   912 | D:2      | XOM: divination: detect creatures
   922 | D:2      | Reached XP level 4. HP: 4/36 MP: 8/8
   996 | D:2      | Slain by a gnoll

Illustrated notes

Levels and vault maps discovered:
D:1:      lightli_arrival_statuegarden, layout_basic,
          shapermc_ecumenical_altar_starsandcircs
D:2:      layout_basic, kennysheep_generic_room_8

Skill      XL: |  1  2  3 |
---------------+----------+-----
Conjurations   | 3 |  3.7
Spellcasting   | 2 |  2.3
Fighting       | 2 |  2.0
Maces & Flails | |  0.3
Staves         | |  2.4
Invocations    | |  1.2
Evocations     | |  3.6

Action                   |  1- 3 |  4- 6 || total
-------------------------+-------+-------++-------
Melee: Quarterstaff      |    57 |       ||    57
       Flail             |    11 |     1 ||    12
       Punch             |     1 |       ||     1
 Cast: Magic Dart        |     3 |       ||     3
       Shock             |       |     5 ||     5
Armor: Robe              |    16 |       ||    16
Dodge: Dodged            |    32 |     6 ||    38

Table legend: (Time is in decaauts)
 A = Elapsed time spent in this place.
 B = Non-inter-level travel time spent in this place.
 C = Inter-level travel time spent in this place.
 D = Time resting spent in this place.
 E = Time spent auto-exploring this place.
 F = Levels seen in this place.
 G = Mean time per level.
                   A        B        C        D        E       F      G
               +--------+--------+--------+--------+--------+-----+--------+
         Total |   1012 |   1007 |      5 |    200 |    440 |   2 |  506.0 |
       Dungeon |   1012 |   1007 |      5 |    200 |    440 |   2 |  506.0 |
               +--------+--------+--------+--------+--------+-----+--------+

Top non-repeatable levels by time:
     D:1: 862 daAuts
     D:2: 150 daAuts
